| TOP OF THE 1ST |
|
Vancouver Canadians batting - Pitching for Aberdeen Ironbirds : RHP Olaf Barker
|
|
Pitching: RHP Olaf Barker
|
|
|
Batting: LHB Tso-lin Fen
|
0-0: Ball 1-0: Foul Ball, location: 2F 1-1: Ball 2-1: Swinging Strike 2-2: Foul Ball, location: 2F 2-2: Ball 3-2: Base on Balls
|
|
Batting: LHB Ron de Vos
|
0-0: Called Strike Tso-lin Fen is caught stealing 2nd base 2-6 0-1: Swinging Strike 0-2: Hit by Pitch
|
|
Batting: RHB Adam O'Hare
|
0-0: Ball 1-0: Swinging Strike 1-1: Called Strike Ron de Vos is caught stealing 2nd base 2-4 1-2: Strikes out swinging, 2-3 out at first.
|
| Top of the 1st over - 0 runs, 0 hits, 0 errors, 0 left on base; Vancouver 0 - Aberdeen 0 |
| BOTTOM OF THE 1ST |
|
Aberdeen Ironbirds batting - Pitching for Vancouver Canadians : RHP Jon Thomason
|
|
Pitching: RHP Jon Thomason
|
|
|
Batting: RHB Juan Eyrich
|
0-0: Ground out 3-1 (Groundball, 34, EV 85.0 MPH)
|
|
Batting: RHB Dou-wan Pan
|
0-0: Foul Ball, location: 2F 0-1: Called Strike 0-2: Foul Ball, location: 2F 0-2: Strikes out looking
|
|
Batting: SHB Carlos Carrillo
|
0-0: Swinging Strike 0-1: Ball 1-1: Ball 2-1: Foul Ball, location: 2F 2-2: Ball 3-2: Foul Ball, location: 2F 3-2: Foul Ball, location: 2F 3-2: Foul Ball, location: 2F 3-2: Fly out, F7 (Flyball, 7, EV 85.0 MPH)
|
| Bottom of the 1st over - 0 runs, 0 hits, 0 errors, 0 left on base; Vancouver 0 - Aberdeen 0 |
| TOP OF THE 2ND |
|
Vancouver Canadians batting - Pitching for Aberdeen Ironbirds : RHP Olaf Barker
|
|
Batting: RHB Selam Chimsima
|
0-0: Called Strike 0-1: Swinging Strike 0-2: Ball 1-2: Ground out 4-3 (Groundball, 4, EV 83.1 MPH)
|
|
Batting: RHB Jorge Cruz
|
0-0: Called Strike 0-1: Called Strike 0-2: Foul Ball, location: 2F 0-2: Ball 1-2: Strikes out swinging
|
|
Batting: RHB John Rios
|
0-0: Hit by Pitch
|
|
Batting: RHB Terry Plumley
|
0-0: Ball 1-0: Foul Ball, location: 2F 1-1: Called Strike 1-2: Ball 2-2: Ball 3-2: Foul Ball, location: 2F 3-2: Foul Ball, location: 2F 3-2: Base on Balls John Rios to second
|
|
Batting: RHB Tristan Dennis
|
0-0: Ball 1-0: Swinging Strike 1-1: Foul Ball, location: 2F 1-2: SINGLE (Line Drive, 8LS, EV 100.6 MPH) John Rios to third Terry Plumley to second Runner from 3rd tries for Home, SAFE, throw by CF to home
|
|
Batting: LHB Julio Canseco
|
0-0: Ball 1-0: Foul Ball, location: 2F 1-1: Ball 2-1: Foul Ball, location: 2F 2-2: SINGLE (Groundball, 34D, EV 101.9 MPH) Terry Plumley to third Tristan Dennis to second
|
|
Batting: LHB Tso-lin Fen
|
0-0: Foul Ball, location: 2F 0-1: DOUBLE (Flyball, 8LXD, EV 100.6 MPH) Terry Plumley scores Tristan Dennis scores Julio Canseco to third Runner from 3rd tries for Home, SAFE, throw by CF to home
|
|
Batting: LHB Ron de Vos
|
0-0: Ball 1-0: Ball 2-0: Ball 3-0: Base on Balls
|
|
Batting: RHB Adam O'Hare
|
0-0: Foul Ball, location: 2F 0-1: Foul Ball, location: 2F 0-2: Ball 1-2: Strikes out swinging
|
| Top of the 2nd over - 4 runs, 3 hits, 0 errors, 2 left on base; Vancouver 4 - Aberdeen 0 |
| BOTTOM OF THE 2ND |
|
Aberdeen Ironbirds batting - Pitching for Vancouver Canadians : RHP Jon Thomason
|
|
Batting: LHB Xue-liang Zhou
|
0-0: Ball 1-0: Called Strike 1-1: Foul Ball, location: 2F 1-2: Strikes out swinging
|
|
Batting: LHB Robert Ortiz
|
0-0: Ball 1-0: Swinging Strike 1-1: Ball 2-1: Swinging Strike 2-2: Foul Ball, location: 2F 2-2: Strikes out looking
|
|
Batting: LHB Taylor Plummer
|
0-0: Called Strike 0-1: Ball 1-1: Ball 2-1: Swinging Strike 2-2: Ball 3-2: Foul Ball, location: 2F 3-2: Base on Balls
|
|
Batting: LHB Ivan Alvarez
|
0-0: Foul Ball, location: 2F 0-1: Foul Ball, location: 2F 0-2: Ball 1-2: Foul Ball, location: 2F 1-2: Foul Ball, location: 2F 1-2: Strikes out swinging
|
| Bottom of the 2nd over - 0 runs, 0 hits, 0 errors, 1 left on base; Vancouver 4 - Aberdeen 0 |
| TOP OF THE 3RD |
|
Vancouver Canadians batting - Pitching for Aberdeen Ironbirds : RHP Olaf Barker
|
|
Batting: RHB Selam Chimsima
|
0-0: Called Strike 0-1: Called Strike 0-2: Strikes out looking
|
|
Batting: RHB Jorge Cruz
|
0-0: Ball 1-0: Ground out 5-3 (Groundball, 5, EV 90.6 MPH)
|
|
Batting: RHB John Rios
|
0-0: Ball 1-0: Swinging Strike 1-1: Swinging Strike 1-2: Ball 2-2: SINGLE (Line Drive, 4MD, EV 97.5 MPH)
|
|
Batting: RHB Terry Plumley
|
0-0: Called Strike 0-1: Called Strike 0-2: Ball 1-2: Ball Wild Pitch! John Rios to second 2-2: Foul Ball, location: 2F 2-2: Strikes out swinging
|
| Top of the 3rd over - 0 runs, 1 hit, 0 errors, 1 left on base; Vancouver 4 - Aberdeen 0 |
| BOTTOM OF THE 3RD |
|
Aberdeen Ironbirds batting - Pitching for Vancouver Canadians : RHP Jon Thomason
|
|
Batting: RHB Jeff Parlo
|
0-0: Ball 1-0: Ball 2-0: Called Strike 2-1: Called Strike 2-2: Ball 3-2: Fly out, F9 (Flyball, 9, EV 74.4 MPH)
|
|
Batting: RHB Willie Carmona
|
0-0: Ball 1-0: Swinging Strike 1-1: Ball 2-1: Swinging Strike 2-2: Strikes out swinging
|
|
Batting: RHB Juan Eyrich
|
0-0: Swinging Strike 0-1: Ball 1-1: Called Strike 1-2: Ball 2-2: Ball 3-2: Ground out 5-3 (Groundball, 5, EV 95.0 MPH)
|
| Bottom of the 3rd over - 0 runs, 0 hits, 0 errors, 0 left on base; Vancouver 4 - Aberdeen 0 |
| TOP OF THE 4TH |
|
Vancouver Canadians batting - Pitching for Aberdeen Ironbirds : RHP Olaf Barker
|
|
Batting: RHB Tristan Dennis
|
0-0: Foul Ball, location: 2F 0-1: Ground out 5-3 (Groundball, 56, EV 106.2 MPH)
|
|
Batting: LHB Julio Canseco
|
0-0: Ball 1-0: Ball 2-0: Ball 3-0: Called Strike 3-1: Swinging Strike 3-2: Base on Balls
|
|
Batting: LHB Tso-lin Fen
|
0-0: Ball 1-0: Ball Julio Canseco steals 2nd base 2-0: Swinging Strike 2-1: Called Strike 2-2: Ball 3-2: Foul Ball, location: 2F 3-2: Foul Ball, location: 2F 3-2: Foul Ball, location: 2F 3-2: SINGLE (Groundball, 34D, EV 98.1 MPH) Julio Canseco to third Throwing error, E9 Julio Canseco scores Tso-lin Fen to second
|
|
Pitching: RHP J.J. Maetzold
|
|
|
Batting: LHB Ron de Vos
|
0-0: Called Strike 0-1: TRIPLE (Line Drive, 89XD, EV 103.1 MPH) Tso-lin Fen scores
|
|
Batting: RHB Adam O'Hare
|
0-0: Called Strike 0-1: Swinging Strike 0-2: Foul Ball, location: 2F 0-2: Strikes out swinging
|
|
Batting: RHB Selam Chimsima
|
0-0: Ball 1-0: Foul Ball, location: 2F 1-1: SINGLE (Line Drive, 8RS, EV 106.9 MPH) Ron de Vos scores
|
|
Batting: RHB Jorge Cruz
|
0-0: Called Strike 0-1: Foul Ball, location: 2F 0-2: Ball 1-2: Ground out 2-3 (Groundball, 15S, EV 70.6 MPH)
|
| Top of the 4th over - 3 runs, 3 hits, 1 error, 1 left on base; Vancouver 7 - Aberdeen 0 |
| BOTTOM OF THE 4TH |
|
Aberdeen Ironbirds batting - Pitching for Vancouver Canadians : RHP Jon Thomason
|
|
Batting: RHB Dou-wan Pan
|
0-0: Called Strike 0-1: Called Strike 0-2: Strikes out swinging
|
|
Batting: SHB Carlos Carrillo
|
0-0: Ball 1-0: Ball 2-0: Ball 3-0: Base on Balls
|
|
Batting: LHB Xue-liang Zhou
|
0-0: Ball 1-0: Ball 2-0: Ball 3-0: Called Strike 3-1: SINGLE (Groundball, 34D, EV 94.4 MPH) Carlos Carrillo to second Runner from 2nd tries for 3rd, SAFE, throw by RF made to third
|
|
Batting: LHB Robert Ortiz
|
0-0: Hit by Pitch Xue-liang Zhou to second
|
|
Batting: LHB Taylor Plummer
|
0-0: Called Strike 0-1: Foul Ball, location: 2F 0-2: Strikes out looking
|
|
Batting: LHB Ivan Alvarez
|
0-0: Swinging Strike 0-1: Called Strike 0-2: Strikes out swinging
|
| Bottom of the 4th over - 0 runs, 1 hit, 0 errors, 3 left on base; Vancouver 7 - Aberdeen 0 |
| TOP OF THE 5TH |
|
Vancouver Canadians batting - Pitching for Aberdeen Ironbirds : RHP J.J. Maetzold
|
|
Batting: RHB John Rios
|
0-0: Ball 1-0: Ball 2-0: Foul Ball, location: 2F 2-1: SINGLE (Groundball, 6D, EV 103.8 MPH)
|
|
Batting: RHB Terry Plumley
|
0-0: Hit by Pitch John Rios to second
|
|
Batting: RHB Tristan Dennis
|
0-0: Ball 1-0: Fly out, F3 (Popup, 3SF, EV 68.1 MPH)
|
|
Batting: LHB Julio Canseco
|
0-0: Ball 1-0: Grounds into double play, U6-3 (Groundball, 4M, EV 86.9 MPH)
|
| Top of the 5th over - 0 runs, 1 hit, 0 errors, 1 left on base; Vancouver 7 - Aberdeen 0 |
| BOTTOM OF THE 5TH |
|
Aberdeen Ironbirds batting - Pitching for Vancouver Canadians : RHP Jon Thomason
|
|
Batting: RHB Jeff Parlo
|
0-0: Foul Ball, location: 2F 0-1: Ball 1-1: Called Strike 1-2: Strikes out swinging
|
|
Batting: RHB Willie Carmona
|
0-0: Ball 1-0: Fly out, F9 (Flyball, 89M, EV 85.6 MPH)
|
|
Batting: RHB Juan Eyrich
|
0-0: Foul Ball, location: 2F 0-1: Ball 1-1: Ball 2-1: Fly out, F5 (Popup, 56, EV 66.2 MPH)
|
| Bottom of the 5th over - 0 runs, 0 hits, 0 errors, 0 left on base; Vancouver 7 - Aberdeen 0 |
| TOP OF THE 6TH |
|
Vancouver Canadians batting - Pitching for Aberdeen Ironbirds : RHP J.J. Maetzold
|
|
Batting: LHB Tso-lin Fen
|
0-0: Called Strike 0-1: Fly out, F5 (Popup, 5, EV 73.1 MPH)
|
|
Batting: LHB Ron de Vos
|
0-0: Foul Ball, location: 2F 0-1: Ball 1-1: Swinging Strike 1-2: Strikes out swinging
|
|
Batting: RHB Adam O'Hare
|
0-0: Foul Ball, location: 2F 0-1: Foul Ball, location: 2F 0-2: Ball 1-2: Ball 2-2: Ball 3-2: Strikes out looking
|
| Top of the 6th over - 0 runs, 0 hits, 0 errors, 0 left on base; Vancouver 7 - Aberdeen 0 |
| BOTTOM OF THE 6TH |
|
Aberdeen Ironbirds batting - Pitching for Vancouver Canadians : RHP Jon Thomason
|
|
Pitching: RHP Marcus Reiling
|
|
|
Batting: RHB Dou-wan Pan
|
0-0: Called Strike 0-1: Ball 1-1: Ground out 5-3 (Groundball, 56S, EV 86.2 MPH)
|
|
Batting: SHB Carlos Carrillo
|
0-0: DOUBLE (Line Drive, 5D, EV 94.4 MPH)
|
|
Batting: LHB Xue-liang Zhou
|
0-0: Called Strike 0-1: Fly out, F8 (Flyball, 8RD, EV 80.0 MPH)
|
|
Batting: LHB Robert Ortiz
|
0-0: Foul Ball, location: 2F 0-1: Called Strike 0-2: Strikes out swinging
|
| Bottom of the 6th over - 0 runs, 1 hit, 0 errors, 1 left on base; Vancouver 7 - Aberdeen 0 |
| TOP OF THE 7TH |
|
Vancouver Canadians batting - Pitching for Aberdeen Ironbirds : RHP J.J. Maetzold
|
|
Pinch Hitting: RHB Mike Johnson
|
0-0: Ball 1-0: Foul Ball, location: 2F 1-1: Fly out, F3 (Popup, 3F, EV 83.8 MPH)
|
|
Pitching: RHP Joe Sloboda
|
|
|
Batting: RHB Jorge Cruz
|
0-0: Foul Ball, location: 2F 0-1: Ball 1-1: Foul Ball, location: 2F 1-2: Foul Ball, location: 2F 1-2: Ball 2-2: Ball 3-2: Base on Balls
|
|
Batting: RHB John Rios
|
0-0: Ball Wild Pitch! Jorge Cruz to second 1-0: Called Strike 1-1: Fly out, F4 (Line Drive, 34D, EV 66.9 MPH) Lined into DP, 4-6 (Line Drive, 34D, EV 65.0 MPH)
|
| Top of the 7th over - 0 runs, 0 hits, 0 errors, 0 left on base; Vancouver 7 - Aberdeen 0 |
| BOTTOM OF THE 7TH |
|
Aberdeen Ironbirds batting - Pitching for Vancouver Canadians : RHP Marcus Reiling
|
|
Now at 2B: Tristan Dennis
|
|
|
Now at 3B: Mike Johnson
|
|
|
Now at SS: Luis Reyes
|
|
|
Batting: LHB Taylor Plummer
|
0-0: Called Strike 0-1: Fly out, F8 (Flyball, 78S, EV 90.0 MPH)
|
|
Batting: LHB Ivan Alvarez
|
0-0: Fly out, F8 (Line Drive, 8RD, EV 91.2 MPH)
|
|
Batting: RHB Jeff Parlo
|
0-0: Ball 1-0: Called Strike 1-1: Called Strike 1-2: Ball 2-2: Foul Ball, location: 2F 2-2: Strikes out swinging
|
| Bottom of the 7th over - 0 runs, 0 hits, 0 errors, 0 left on base; Vancouver 7 - Aberdeen 0 |
| TOP OF THE 8TH |
|
Vancouver Canadians batting - Pitching for Aberdeen Ironbirds : RHP Joe Sloboda
|
|
Batting: RHB Terry Plumley
|
0-0: Ball 1-0: Ball 2-0: Ball 3-0: Base on Balls
|
|
Pinch Hitting: RHB Carlos Murillo
|
0-0: Ball Wild Pitch! Terry Plumley to second 1-0: Called Strike 1-1: Foul Ball, location: 2F 1-2: Strikes out looking
|
|
Pinch Hitting: RHB Jake Bronner
|
0-0: Ball 1-0: Called Strike 1-1: Ground out U3 (Groundball, 3S, EV 89.4 MPH) Terry Plumley to third
|
|
Batting: LHB Tso-lin Fen
|
0-0: Foul Ball, location: 2F 0-1: Ball 1-1: Called Strike 1-2: Foul Ball, location: 2F 1-2: Ball 2-2: Ball 3-2: 2-RUN HOME RUN (Flyball, 7D, EV 98.8 MPH), Distance : 388 ft
|
|
Batting: LHB Ron de Vos
|
0-0: Ball 1-0: Called Strike 1-1: Ball 2-1: Ball 3-1: Fly out, F7 (Flyball, 7, EV 85.6 MPH)
|
| Top of the 8th over - 2 runs, 1 hit, 0 errors, 0 left on base; Vancouver 9 - Aberdeen 0 |
| BOTTOM OF THE 8TH |
|
Aberdeen Ironbirds batting - Pitching for Vancouver Canadians : RHP Marcus Reiling
|
|
Now at 2B: Luis Reyes
|
|
|
Now at SS: Carlos Murillo
|
|
|
Now in RF: Jake Bronner
|
|
|
Batting: LHB Chris Barrera
|
0-0: Called Strike 0-1: Ground out U3 (Groundball, 34, EV 110.6 MPH)
|
|
Batting: RHB Juan Eyrich
|
0-0: Swinging Strike 0-1: Ball 1-1: Ground out U3 (Groundball, 34S, EV 90.0 MPH)
|
|
Batting: RHB Dou-wan Pan
|
0-0: Called Strike 0-1: Ball 1-1: Ball 2-1: Ball 3-1: Called Strike 3-2: Strikes out swinging
|
| Bottom of the 8th over - 0 runs, 0 hits, 0 errors, 0 left on base; Vancouver 9 - Aberdeen 0 |
| TOP OF THE 9TH |
|
Vancouver Canadians batting - Pitching for Aberdeen Ironbirds : RHP Joe Sloboda
|
|
Pitching: RHP Justin Swanson
|
|
|
Batting: RHB Adam O'Hare
|
0-0: Foul Ball, location: 2F 0-1: Fly out, F7 (Line Drive, 78M, EV 101.9 MPH)
|
|
Pinch Hitting: SHB Kevin Watson
|
0-0: Called Strike 0-1: Swinging Strike 0-2: Ball 1-2: Strikes out looking
|
|
Pinch Hitting: RHB Victor Ayala
|
0-0: Ball 1-0: Called Strike 1-1: Foul Ball, location: 2F 1-2: Foul Ball, location: 2F 1-2: Foul Ball, location: 2F 1-2: Foul Ball, location: 2F 1-2: Foul Ball, location: 2F 1-2: Ground out 6-3 (Groundball, 6S, EV 68.1 MPH)
|
| Top of the 9th over - 0 runs, 0 hits, 0 errors, 0 left on base; Vancouver 9 - Aberdeen 0 |
| BOTTOM OF THE 9TH |
|
Aberdeen Ironbirds batting - Pitching for Vancouver Canadians : RHP Marcus Reiling
|
|
Now at 2B: Victor Ayala
|
|
|
Now at 3B: Kevin Watson
|
|
|
Pinch Hitting: RHB Graham Calvert
|
0-0: Ball 1-0: Called Strike 1-1: Ball 2-1: Fly out, F7 (Flyball, 7LS, EV 86.2 MPH)
|
|
Batting: LHB Xue-liang Zhou
|
0-0: Ball 1-0: Ball 2-0: SINGLE (Line Drive, 6D, EV 102.5 MPH)
|
|
Batting: LHB Robert Ortiz
|
0-0: Ball 1-0: Ball 2-0: Foul Ball, location: 2F 2-1: Ball 3-1: Base on Balls Xue-liang Zhou to second
|
|
Pinch Hitting: RHB Han-seung Hah
|
0-0: Ball 1-0: Swinging Strike 1-1: Foul Ball, location: 2F 1-2: Strikes out looking
|
|
Pinch Hitting: RHB Ryan Bentz
|
0-0: Foul Ball, location: 2F 0-1: Ball 1-1: Ball 2-1: Foul Ball, location: 2F 2-2: Foul Ball, location: 2F 2-2: Foul Ball, location: 2F 2-2: Foul Ball, location: 2F 2-2: Foul Ball, location: 2F 2-2: Ball 3-2: Strikes out looking
|
| Bottom of the 9th over - 0 runs, 1 hit, 0 errors, 2 left on base; Vancouver 9 - Aberdeen 0 |
|